 Dungeon Crawl Stone Soup version 0.30.0-19-g36f170ea60 (webtiles) character file.

Game seed: 134659912809770365

1911 Graphine the Nimble (level 9, -9/74 HPs)
             Began as a Merfolk Monk on May 28, 2023.
             Mangled by a six-headed hydra (12 damage)
             ... on level 8 of the Dungeon.
             The game lasted 00:14:11 (5673 turns).

Graphine the Nimble (Merfolk Monk)                  Turns: 5673, Time: 00:14:12

Health: -9/74      AC:  5    Str: 12    XL:     9   Next: 16%
Magic:  9/9        EV: 18    Int:  9    God:
Gold:   260        SH:  0    Dex: 20    Spells: 8/8 levels left

rFire   . . .        u - +2 rapier (holy)
rCold   . . .        d - orb {light}
rNeg    . . .        b - +0 robe
rPois   .            (no helmet)
rElec   .            t - +0 cloak
rCorr   +            p - +1 pair of gloves
SInv    .            (no boots)
Will    .....        y - amulet of regeneration
Stlth   +            f - +4 ring of slaying
HPRegen 1.12/turn    h - ring of resist corrosion
MPRegen 0.11/turn

%: no passive effects
@: glowing
A: (nimble swimmer 2), mertail
a: no special abilities


You were on level 8 of the Dungeon.
You visited 1 branch of the dungeon, and saw 8 of its levels.

You collected 284 gold pieces.
You spent 24 gold pieces at shops.

Inventory:

Hand Weapons
 a - a +0 falchion
 u - a +2 rapier of holy wrath (weapon)
Missiles
 j - 8 boomerangs (quivered)
 s - 3 throwing nets
 C - 2 javelins
Armour
 b - a +0 robe (worn)
 d - an orb of light (worn)
 p - a +1 pair of gloves (worn)
 t - a +0 cloak (worn)
 E - a +0 tower shield
Jewellery
 f - a +4 ring of slaying (left hand)
 h - a ring of resist corrosion (right hand)
 o - a +6 ring of intelligence
 w - a +6 ring of intelligence
 y - an amulet of regeneration (around neck)
Wands
 B - a wand of mindburst (12)
 F - a wand of polymorph (8)
Scrolls
 i - a scroll of magic mapping
 q - 2 scrolls of blinking
 r - 5 scrolls of teleportation
 v - 2 scrolls of identify
 x - a scroll of silence
 z - a scroll of fog
 D - a scroll of poison {unknown}
 G - a scroll of torment
 H - a scroll of amnesia {unknown}
Potions
 c - a potion of ambrosia
 e - a potion of haste
 g - 4 potions of curing
 k - a potion of might
 l - 3 potions of heal wounds
 m - a potion of cancellation
 n - 2 potions of degeneration
 A - a potion of flight


   Skills:
 + Level 7.9 Fighting
 + Level 8.6 Long Blades
 + Level 9.5 Dodging
 + Level 2.2 Shields


You had 8 spell levels left.
You didn't know any spells.
Your spell library contained the following spells:

 Spells                   Type           Power      Damage    Failure   Level
 Foxfire                  Conj/Fire      0%         2x1d4     38%         1
 Magic Dart               Conj           0%         1d3       38%         1
 Call Imp                 Summ           0%         N/A       52%         2
 Mephitic Cloud           Conj/Pois/Air  0%         N/A       77%         3
 Tukima's Dance           Hex            0%         N/A       77%         3
 Passage of Golubria      Tloc           0%         N/A       99%         4
 Alistair's Intoxication  Tmut/Pois      0%         N/A       100%        5
 Borgnjor's Vile Clutch   Necr/Erth      0%         N/A       100%        5
 Fireball                 Conj/Fire      0%         3d3       100%        5
 Yara's Violent Unravell  Hex/Tmut       0%         3d3       100%        5
 Eringya's Noxious Bog    Tmut/Pois      0%         N/A       100%        6
 Plasma Beam              Fire/Air       0%         2x1d11    100%        6
 Starburst                Conj/Fire      0%         6d3       100%        6


Dungeon Overview and Level Annotations

Branches:
Dungeon (8/15)             Temple (0/1) D:4
   Lair: D:8-11

Altars:
Dithmenos
Nemelex Xobeh
Ru
Wu Jian
Xom
The Shining One

Shops:
D:1 =   D:2 :   D:4 !   D:6 (


Innate Abilities, Weirdness & Mutations

((You are very nimble when in or above water. (Stealth+, EV+, Speed+++)))
Your lower body shifts to a powerful aquatic tail in water.


Message History

The icy flash freeze misses you.
You feel much better.
Hit: u) +2 rapier (holy)
Press: ? - help, Dir - move target, f - six-headed hydra, p - rime drake
Aim: a six-headed hydra (haloed, about 3% to evade your +2 rapier of holy wrath)
You puncture the six-headed hydra!
The six-headed hydra is lightly wounded.
The sky beast flickers out of sight for a moment.
Hit: u) +2 rapier (holy)
Press: ? - help, Dir - move target, f/p - six-headed hydra
Aim: a six-headed hydra (lightly wounded, haloed, about 3% to evade your +2 rapier of holy wrath)
You puncture the six-headed hydra!
The six-headed hydra is moderately wounded.
The six-headed hydra bites you!
The six-headed hydra bites you but does no damage.
The six-headed hydra closely misses you.
The six-headed hydra misses you.
The six-headed hydra closely misses you.
The six-headed hydra barely misses you.
Hit: u) +2 rapier (holy)
Press: ? - help, Dir - move target, f/p - six-headed hydra
Aim: a six-headed hydra (moderately wounded, haloed, about 3% to evade your +2 rapier of holy wrath)
You hit the six-headed hydra.
The six-headed hydra is moderately wounded.
The six-headed hydra barely misses you. The six-headed hydra bites you!
The six-headed hydra bites you. The six-headed hydra misses you.
The six-headed hydra bites you.
The six-headed hydra bites you but does no damage.
Hit: u) +2 rapier (holy)
Press: ? - help, Dir - move target, f/p - six-headed hydra
Aim: a six-headed hydra (moderately wounded, haloed, about 3% to evade your +2 rapier of holy wrath)
You hit the six-headed hydra.
The six-headed hydra is moderately wounded.
The six-headed hydra bites you but does no damage.
The six-headed hydra bites you!
* * * LOW HITPOINT WARNING * * *
The six-headed hydra bites you!
* * * LOW HITPOINT WARNING * * *
The six-headed hydra bites you!
You die...

### ## #<# ..
#.# ###. #)#
#...# #.#
#.... #.#
#.... #.#
#....#######.#
#...YD@......#
##..k#########
#... #... #.[.
#... ####


You could see a six-headed hydra, a rime drake and a sky beast (invisible).

Vanquished Creatures
  Eustachio (D:5)
  Menkaure (D:4)
  A water moccasin (D:7)
  3 sky beasts (D:7)
  2 phantoms
  A kobold brigand (D:5)
  2 scorpions
  2 bullfrogs
  3 wights (D:7)
  4 hounds
  2 orc priests
  A gnoll bouda (D:6)
  2 jellies
  2 iguanas
  2 orc wizards
  10 gnolls
  2 adders
  2 shadow imps
  A white imp (D:6)
  An ufetubus (D:6)
  A worm (D:4)
  13 orcs
  11 endoplasms
  5 giant cockroaches
  10 goblins
  14 hobgoblins
  2 jackals (D:1)
  4 quokkas
  10 ball pythons
  7 bats
  7 frilled lizards
  11 kobolds
  7 rats
147 creatures vanquished.

Notes
Turn   | Place    | Note
-------+----------+-------------------------------------------
     0 | D:1      | Graphine the Merfolk Monk began the quest for the Orb.
     0 | D:1      | Reached XP level 1. HP: 18/18 MP: 1/1
   277 | D:1      | Found Besuy's One-of-a-Kind Rings.
   301 | D:1      | Reached XP level 2. HP: 24/24 MP: 2/2
   602 | D:1      | Reached XP level 3. HP: 30/30 MP: 3/3
  1208 | D:2      | Found a sacrificial altar of Ru.
  1460 | D:2      | Found Geotoih's Book Boutique.
  1771 | D:3      | Reached XP level 4. HP: 37/37 MP: 4/4
  1776 | D:3      | Reached skill level 5 in Dodging
  1962 | D:3      | Noticed a scorpion
  1971 | D:3      | Killed a scorpion
  1972 | D:3      | Reached skill level 5 in Long Blades
  1972 | D:3      | Reached XP level 5. HP: 34/43 MP: 5/5
  2040 | D:3      | Found a sparkling altar of Nemelex Xobeh.
  2429 | D:4      | Found Romm's Distillery.
  2433 | D:4      | Reached skill level 6 in Dodging
  2433 | D:4      | Reached XP level 6. HP: 50/50 MP: 6/6
  2440 | D:4      | Bought 2 potions of degeneration for 24 gold pieces
  2462 | D:4      | Found a shimmering altar of Xom.
  2549 | D:4      | Noticed Menkaure
  2552 | D:4      | Killed Menkaure
  2553 | D:4      | Reached skill level 5 in Fighting
  2879 | D:4      | Found a staircase to the Ecumenical Temple.
  2887 | D:4      | Reached XP level 7. HP: 56/56 MP: 7/7
  3025 | D:4      | Found an ornate altar of the Wu Jian Council.
  3029 | D:4      | Found a glowing golden altar of the Shining One.
  3421 | D:5      | Entered Level 5 of the Dungeon
  3437 | D:5      | Found a shadowy altar of Dithmenos.
  3518 | D:5      | Noticed Eustachio
  3526 | D:5      | Killed Eustachio
  3527 | D:5      | Reached skill level 7 in Dodging
  4013 | D:5      | Reached XP level 8. HP: 58/65 MP: 8/8
  4310 | D:6      | Reached skill level 8 in Dodging
  4564 | D:6      | Found Jusirgh's Antique Weapon Emporium.
  5044 | D:7      | Reached skill level 9 in Dodging
  5062 | D:7      | Reached skill level 1 in Shields
  5083 | D:7      | Reached XP level 9. HP: 67/73 MP: 9/9
  5664 | D:8      | Noticed a six-headed hydra
  5667 | D:8      | a water moccasin changed into a rime drake
  5667 | D:8      | Noticed a rime drake
  5673 | D:8      | HP: 3/74 [six-headed hydra (13)]
  5673 | D:8      | Mangled by a six-headed hydra

Illustrated notes

Levels and vault maps discovered:
D:1:      dpeg_arrival_rhombi, layout_loops_ring, minmay_misc_feat_iff,
          nicolae_shop_unique_rings, minmay_tiny_reverse_x
D:2:      layout_loops_ring, serial_shops, nicolae_book_shop_shelving,
          basic_altar
D:3:      layout_rooms, nemelex_xobeh_ov_fountains_minmay, minmay_joined_circles
D:4:      layout_basic, nicolae_overflow_hidden_temple,
          minmay_temple_entry_wispy, serial_shops, shop,
          kennysheep_generic_room_11, uniq_menkaure
D:5:      layout_loops_ring, marbit_many_paths, uniq_eustachio
D:6:      layout_basic, nicolae_stop_n_shop_2
D:7:      layout_gridville
D:8:      layout_basic, dpeg_oklobed_lair, enter_ossuary_2, uniq_pikel,
          uniq_grum, uniq_psyche

Skill      XL: |  1  2  3  4  5  6  7  8  9 |
---------------+----------------------------+-----
Long Blades    | 4 5 6 7 8 |  8.6
Fighting       | 4 5 6 7 |  7.9
Dodging        | 5 6 7 9 |  9.5
Shields        | 1 2 |  2.2

Action                     |  1- 3 |  4- 6 |  7- 9 || total
---------------------------+-------+-------+-------++-------
  Melee: Falchion          |    90 |    60 |       ||   150
         Dagger            |       |       |    27 ||    27
         Rapier            |       |       |    93 ||    93
  Throw: Boomerang         |    25 |    37 |    40 ||   102
         Javelin           |       |    28 |    33 ||    61
  Evoke: Wand              |       |       |     3 ||     3
    Use: Scroll            |     3 |     4 |     6 ||    13
         Potion            |       |       |     1 ||     1
 Armour: Robe              |    12 |    12 |    14 ||    38
  Dodge: Dodged            |    65 |    41 |   122 ||   228
